 Dungeon Crawl Stone Soup version 0.27.1-1-g398f81649c (webtiles) character file.

Game seed: 14096517247291352574

10885 ABBCCCDDDD the Fighter (level 11, -6/81 HPs)
             Began as an Octopode Brigand on Sept 12, 2021.
             Was a High Priest of Okawaru.
             Mangled by an unseen horror (8 damage)
             ... on level 12 of the Dungeon.
             The game lasted 00:23:35 (12857 turns).

ABBCCCDDDD the Fighter (Octopode Brigand)          Turns: 12857, Time: 00:23:35

Health: -6/81      AC:  1    Str: 18    XL:     11   Next: 69%
Magic:  29/29      EV: 12    Int: 16    God:    Okawaru [*****.]
Gold:   456        SH: 10    Dex: 13    Spells: 19/22 levels left

rFire    . . .     SeeInvis .   m - +3 short sword (speed)
rCold    . . .     Faith    .   h - +0 buckler
rNeg     . . .     Spirit   .   r - +0 hat
rPois    .         Reflect  +   g - amulet of reflection
rElec    .         Harm     .   e - ring of wizardry
rCorr    .         Rampage  .   t - +4 ring of slaying
Will     .....                  v - ring of magical power
Stlth    +++++.....             L - +6 ring of strength
HPRegen  0.23/turn              (no ring)
MPRegen  0.21/turn              (no ring)
                                (no ring)
                                (no ring)

@: marked, very slightly contaminated, invisible
A: almost no armour, amphibious, 8 rings, camouflage 1, gelatinous body 1,
(nimble swimmer 1), tentacles
a: Renounce Religion, Heroism, Finesse


You were on level 12 of the Dungeon.
You worshipped Okawaru.
Okawaru was extremely pleased with you.
You visited 1 branch of the dungeon, and saw 12 of its levels.
You also visited: Sewer.

You collected 695 gold pieces.
You spent 239 gold pieces at shops.

Inventory:

Hand Weapons
 m - a +3 short sword of speed (weapon)
 o - a +4 dagger
 M - the +4 hunting sling "Nur Kaix" {speed, Str-3 Int+6}
   (You found it on level 11 of the Dungeon)

   Attacks with this weapon are significantly faster.
   Str:       It affects your strength (-3).
   Int:       It affects your intelligence (+6).
Missiles
 b - 40 poisoned darts (quivered)
 c - 2 curare-tipped darts
 n - 8 boomerangs
 F - a throwing net
Armour
 h - a +0 buckler (worn)
 r - a +0 hat (worn)
Jewellery
 e - a ring of wizardry (left tentacle)
 g - an amulet of reflection (around mantle)
 t - a +4 ring of slaying (right tentacle)
 v - a ring of magical power (on tentacle)
 L - a +6 ring of strength (on tentacle)
Wands
 f - a wand of iceblast (7)
 u - a wand of digging (5)
 w - a wand of flame (18)
 x - a wand of polymorph (6)
 D - a wand of paralysis (3)
 G - a wand of acid (7)
Scrolls
 j - a scroll of immolation
 k - 5 scrolls of enchant armour
 p - 3 scrolls of amnesia
 q - 3 scrolls of enchant weapon
 s - 3 scrolls of vulnerability
 y - 3 scrolls of brand weapon {unknown}
 C - 4 scrolls of blinking {unknown}
 K - a scroll of silence {unknown}
Potions
 a - a potion of flight
 d - 6 potions of haste
 i - 5 potions of curing
 z - a potion of resistance
 A - 2 potions of brilliance
 B - a potion of attraction {unknown}
 E - a potion of lignification {unknown}
 H - a potion of ambrosia {unknown}
 I - 2 potions of mutation {unknown}
 J - a potion of berserk rage {unknown}


   Skills:
 - Level 10.0 Fighting
 - Level 2.0 Short Blades
 + Level 6.1 Throwing
 - Level 1.0 Dodging
 + Level 9.4 Stealth
 - Level 4.0 Shields
 - Level 6.0 Spellcasting
 - Level 5.0 Ice Magic
 - Level 6.0 Invocations
 + Level 8.0 Evocations


You had 19 spell levels left.
You knew the following spells:

 Your Spells              Type           Power      Damage    Failure   Level
a - Ozocubu's Armour      Ice            20%        N/A       2%          3

Your spell library contained the following spells:

 Spells                   Type           Power      Damage    Failure   Level
 Static Discharge         Conj/Air       4%         N/A       9%          2
 Conjure Flame            Conj/Fire      4%         6-21      16%         3
 Dazzling Flash           Conj/Hex       8%         N/A       16%         3
 Ignite Poison            Fire/Tmut/Pois 4%         N/A       16%         3
 Iskenderun's Mystic Bla  Conj/Tloc      4%         2d3       45%         4
 Sticky Flame             Conj/Fire      4%         2d3       45%         4
 Metabolic Englaciation   Hex/Ice        6%         N/A       45%         5
 Lightning Bolt           Conj/Air       2%         1d13      80%         5
 Simulacrum               Ice/Necr       6%         N/A       95%         6
 Starburst                Conj/Fire      2%         6d3       100%        6
 Maxwell's Capacitive Co  Air            2%         ∞         100%        8


Dungeon Overview and Level Annotations

Branches:
Dungeon (11/15)            Temple (0/1) D:4            Lair (0/6) D:9
  Sewer (visited)
    Orc: D:9-12

Altars:
Okawaru
Ru

Shops:
D:5 **   D:7 [

Annotations:
D:3 2 transporters, Nanban's ghost, weakling DsMo
D:4 exclusion: downstairs, Ijyb
D:6 Blork the orc
D:10 exclusion: shadow
D:11 3 runed translucent doors, PeMo's ghost, journeyman MiBe


Innate Abilities, Weirdness & Mutations

You cannot wear most types of armour.
You are amphibious.
You can wear up to eight rings at the same time.
Your skin changes colour to match your surroundings (Stealth+).
Your rubbery body absorbs attacks. (AC +1, EV +1)
((You are camouflaged near water. (Stealth+)))
You have tentacles for arms and can constrict up to eight enemies at once.


Message History

The centaur moves out of view.
There is a strange disturbance nearby!
A centaur comes into view.
The centaur moves out of view.
A vampire mosquito and a troll come into view.
The troll shouts!
A vampire mosquito comes into view.
The vampire mosquito moves out of view.
The troll pulls the alarm!
The alarm trap emits a blaring wail!
A sentinel's mark forms upon you.
You hear a shout!
You hear an angry buzzing noise.
You hear two shouts!
You hear a roar!
You hear a shout! x10; You hear two shouts!
You hear a shout! x7
You hear a shout! x2
You hear the faint creaking of a very distant portcullis.
You hear the loud beating of a drum nearby.
Something hits you!
Deactivating autopickup; reactivate with Ctrl-A.
Something hits you! You block something's attack. Something hits you.
Something hits you!
Okay, then.
You fade into invisibility!
You block something's attack. Something barely misses you. Something hits you.
You are very lightly contaminated with residual magic.
Something hits you. You block something's attack. Something hits you!
Something hits you but does no damage. Something hits you!
* * * LOW HITPOINT WARNING * * *
Something hits you!
* * * LOW HITPOINT WARNING * * *
Okay, then.
Okay, then.
As you read the scroll of fog, it crumbles to dust.
The scroll dissolves into smoke.
Something hits you.
* * * LOW HITPOINT WARNING * * *
Something hits you!
* * * LOW HITPOINT WARNING * * *
A centaur comes into view.
Something hits you!
You die...

..#######.##.. .## >.
#.##.# #.. ...####
#..#.# ...
......####.#.####.#
.#.......#.cy.#...#
.....###.....T..#
.........##.##.§#
....####.....#§{####.###
.... ###.#..§§@§......
.... #.###§§##...... ...
#.# #§§# ##... {.. #^#
##.# . .... ##.# #..
....# ###..# ...#
.....##...## .#.#
........### . ..
........#


You could see a troll, a vampire mosquito and a centaur.

Levels and vault maps discovered:
D:1:      ebering_trefoil_twist, layout_basic,
          dreamdust_ecumenical_altar_statues, st_stairs_2,
          minmay_misc_feat_secret_circle, hangedman_decor_diamond_cutter
D:2:      layout_basic, corexii_leaking_fountain, minmay_split_cup_large
D:3:      layout_basic, gup_sewer_entry_glass, gammafunk_ghost_mausoleum,
          uniq_natasha
D:4:      layout_cave_pods, minmay_temple_entry_butterflies,
          kennysheep_generic_room_15, uniq_ijyb
D:5:      layout_basic, serial_shops, kennysheep_little_box,
          nicolae_inconvenience_store, kennysheep_big_empty_room, uniq_sigmund,
          uniq_menkaure, uniq_pikel
D:6:      layout_cave_pools, uniq_blork_the_orc
D:7:      layout_loops_cross, serial_shops, nicolae_lakefront_shop, uniq_harold
D:8:      layout_rooms
D:9:      layout_irregular_city, nicolae_ru_awakened_eye,
          minmay_lair_entry_grove, kennysheep_orc_monster_closet_entryway,
          minmay_variable_closet
D:10:     layout_basic, hangedman_decor_lopped
D:11:     layout_basic, ebering_ghost_rock_garden, serial_curves,
          eino_curves_01, eino_curves_02
D:12:     layout_rooms, gauntlet_entry_generic, lightli_bailey_entry_fortress,
          minivault_13

Notes
Turn   | Place    | Note
-------+----------+-------------------------------------------
     0 | D:1      | ABBCCCDDDD the Octopode Brigand began the quest for the
                  | Orb.
     0 | D:1      | Reached XP level 1. HP: 14/14 MP: 1/1
   397 | D:1      | Found a faded altar of an unknown god.
   408 | D:1      | Became a worshipper of Warmaster Okawaru
   408 | D:1      | Reached * piety under Okawaru
   428 | D:1      | Reached XP level 2. HP: 20/20 MP: 2/2
   631 | D:1      | Reached skill level 3 in Fighting
  1094 | D:2      | Reached XP level 3. HP: 17/26 MP: 3/3
  1766 | D:2      | Reached skill level 4 in Fighting
  2002 | D:3      | Reached XP level 4. HP: 24/33 MP: 4/4
  2051 | D:3      | Found a glowing drain.
  2155 | Sewer    | Entered a sewer
  2229 | Sewer    | Noticed Purgy
  2332 | Sewer    | Killed Purgy
  2332 | Sewer    | Reached ** piety under Okawaru
  2333 | Sewer    | Reached skill level 5 in Fighting
  2333 | Sewer    | Reached XP level 5. HP: 26/41 MP: 5/5
  2781 | D:3      | Found a transporter.
  2847 | D:3      | Noticed Natasha
  2856 | D:3      | Killed Natasha
  2857 | D:3      | Reached skill level 6 in Fighting
  2857 | D:3      | Reached XP level 6. HP: 27/46 MP: 6/6
  3119 | D:3      | Found a transporter.
  3119 | D:3      | Noticed Nanban's ghost (weakling DsMo)
  3154 | D:3      | Noticed Natasha
  3164 | D:3      | Killed Natasha
  3165 | D:3      | Reached skill level 1 in Shields
  3519 | D:4      | Found a staircase to the Ecumenical Temple.
  3632 | D:4      | Noticed Ijyb
  3870 | D:4      | Learned a level 3 spell: Ozocubu's Armour
  4243 | D:5      | Entered Level 5 of the Dungeon
  4243 | D:5      | Noticed a black bear
  4535 | D:5      | Noticed Pikel
  4625 | D:5      | Found Feotel's Assorted Antiques.
  4653 | D:5      | Identified a scroll of acquirement
  4654 | D:5      | Acquired a ring of wizardry
  4722 | D:5      | Noticed Sigmund
  4729 | D:5      | Reached skill level 1 in Spellcasting
  4729 | D:5      | Reached skill level 1 in Ice Magic
  4772 | D:5      | Noticed Menkaure
  4788 | D:6      | Reached XP level 7. HP: 51/53 MP: 8/8
  5039 | D:5      | Killed Pikel
  5040 | D:5      | Reached XP level 8. HP: 44/58 MP: 9/11
  5157 | D:5      | Reached *** piety under Okawaru
  5158 | D:5      | Reached skill level 7 in Fighting
  5165 | D:5      | Found Heetink's General Store.
  5170 | D:5      | Bought a potion of curing for 36 gold pieces
  5406 | D:5      | Bought a coral ring for 145 gold pieces
  5406 | D:5      | Bought a scroll of identify for 58 gold pieces
  5606 | D:5      | Killed Sigmund
  5607 | D:5      | Reached skill level 8 in Fighting
  5805 | D:6      | Noticed Blork the orc
  5812 | D:6      | Reached skill level 1 in Evocations
  5859 | D:6      | Reached **** piety under Okawaru
  5860 | D:6      | Reached skill level 9 in Fighting
  5876 | D:6      | Reached XP level 9. HP: 55/68 MP: 12/12
  6171 | D:5      | Killed Menkaure
  6685 | D:7      | Reached skill level 5 in Evocations
  6854 | D:7      | Reached ***** piety under Okawaru
  6969 | D:7      | Reached skill level 5 in Ice Magic
  7313 | D:7      | Noticed Harold
  7338 | D:7      | Killed Harold
  7339 | D:7      | Reached XP level 10. HP: 74/74 MP: 16/16
  7371 | D:7      | Reached skill level 1 in Invocations
  7489 | D:7      | Found Duuw's Armour Shoppe.
  8204 | D:8      | Received a gift from Okawaru
  8635 | D:9      | Reached skill level 5 in Spellcasting
  8920 | D:9      | Found a staircase to the Lair.
  8923 | D:9      | Noticed an eight-headed hydra
  8945 | D:9      | Reached XP level 11. HP: 59/81 MP: 19/19
  9579 | D:9      | Found a sacrificial altar of Ru.
  9671 | D:9      | Reached skill level 10 in Fighting
  9928 | D:10     | Entered Level 10 of the Dungeon
  9952 | D:10     | Noticed a two-headed ogre
  9970 | D:10     | Killed a two-headed ogre
  9971 | D:10     | Reached skill level 5 in Invocations
 10485 | D:10     | Reached skill level 5 in Throwing
 11065 | D:10     | Received a gift from Okawaru
 11516 | D:11     | Found a runed translucent gate.
 11517 | D:11     | Found a runed translucent gate.
 11517 | D:11     | Found a runed translucent gate.
 11519 | D:11     | Noticed PeMo's ghost (journeyman MiBe)
 11640 | D:11     | Identified the +4 hunting sling "Nur Kaix" {speed, Str-3
                  | Int+6}
 11729 | D:11     | Noticed a manticore
 11739 | D:11     | Killed a manticore
 11930 | D:11     | Noticed a manticore
 11939 | D:11     | Killed a manticore
 12427 | D:11     | Noticed a cyclops
 12435 | D:11     | Killed a cyclops
 12800 | D:11     | You fall into a shaft and drop 1 floor!
 12857 | D:12     | HP: 2/81 [something (10)]
 12857 | D:12     | Mangled by an unseen horror

Table legend: (Time is in decaauts)
 A = Elapsed time spent in this place.
 B = Non-inter-level travel time spent in this place.
 C = Inter-level travel time spent in this place.
 D = Time resting spent in this place.
 E = Time spent auto-exploring this place.
 F = Levels seen in this place.
 G = Mean time per level.
                   A        B        C        D        E       F      G
               +--------+--------+--------+--------+--------+-----+--------+
         Total |  12655 |  12419 |    236 |   2787 |   7524 |  13 |  973.5 |
       Dungeon |  12237 |  12001 |    236 |   2571 |   7423 |  12 | 1019.8 |
         Sewer |    418 |    418 |      0 |    216 |    101 |   1 |  418.0 |
               +--------+--------+--------+--------+--------+-----+--------+

Top non-repeatable levels by time:
    D:11: 1450 daAuts
     D:9: 1405 daAuts
    D:10: 1398 daAuts
     D:5: 1281 daAuts
     D:7: 1178 daAuts
     D:2: 1159 daAuts
     D:4: 1052 daAuts
     D:3: 1051 daAuts
     D:1: 823 daAuts
     D:6: 782 daAuts
     D:8: 597 daAuts
   Sewer: 418 daAuts
    D:12: 56 daAuts

Table legend:
 A = Kills in this place as a percentage of kills in entire the game.
 B = Kills by you in this place as a percentage of kills by you in the entire game.
 C = Kills by friends in this place as a percentage of kills by friends in the entire game.
 D = Other kills in this place as a percentage of other kills in the entire game.
 E = Experience gained in this place as a percentage of experience gained in the entire game.
 F = Experience gained in this place divided by the number of levels of this place that you have seen.
                   A       B       C       D       E      F
               +-------+-------+-------+-------+-------+----------------------
         Total | 100.0 | 100.0 | 100.0 |   N/A | 100.0 | 1196.2
       Dungeon |  97.2 |  97.2 | 100.0 |   N/A |  99.1 | 1284.2
         Sewer |   2.8 |   2.8 |   0.0 |   N/A |   0.9 | 140.0
               +-------+-------+-------+-------+-------+----------------------

Action                   |  1- 3 |  4- 6 |  7- 9 | 10-12 || total
-------------------------+-------+-------+-------+-------++-------
Melee: Dagger            |    49 |       |       |       ||    49
       Constrict         |    16 |    25 |    39 |    38 ||   118
       Tentacles         |     9 |    15 |    31 |    42 ||    97
       Short sword       |    20 |   103 |   164 |   234 ||   521
       Punch             |       |       |       |     1 ||     1
Throw: Boomerang         |       |    15 |       |       ||    15
       Dart              |       |    10 |    12 |    32 ||    54
 Cast: Ozocubu's Armour  |       |       |     8 |    24 ||    32
Invok: Heroism           |       |       |       |     4 ||     4
Evoke: Wand              |       |       |     6 |    17 ||    23
  Use: Scroll            |       |     6 |     3 |    11 ||    20
       Potion            |       |     6 |     1 |     1 ||     8
 Stab: Sleeping          |    10 |     7 |     5 |     7 ||    29
       Invisible         |       |     1 |       |       ||     1
       Paralysed         |       |       |     2 |     5 ||     7
Armor: Skin              |     4 |     5 |    11 |    23 ||    43
Dodge: Dodged            |    27 |    43 |    40 |    65 ||   175
Block: Buckler           |       |    30 |    54 |    90 ||   174
       Reflection        |       |     2 |     1 |     2 ||     5

Vanquished Creatures
  Harold (D:7)
  A two-headed ogre (D:10)
  Pikel (D:5)
  2 manticores (D:11)
  A cyclops (D:11)
  An unseen horror (D:10)
  3 trolls
  Sigmund (D:5)
  4 wyverns
  A vampire (D:9)
  14 yaks (D:9)
  A steam dragon (D:7)
  Menkaure (D:5)
  An acid dragon (D:11)
  4 water moccasins
  6 orc warriors
  Purgy (Sewer)
  3 black bears
  2 ice beasts
  A necrophage (D:6)
  A centaur (D:11)
  A phantom (D:6)
  2 kobold brigands
  A bullfrog (D:8)
  2 scorpions (D:6)
  A water moccasin zombie (D:5)
  11 killer bees
  7 howler monkeys
  A centaur zombie (D:9)
  3 bullfrog zombies
  A bullfrog skeleton (D:6)
  6 orc priests
  2 hounds
  Natasha (twice) (D:3)
  2 iguanas
  8 orc wizards
  2 killer bee zombies (D:8)
  A howler monkey skeleton (D:4)
  12 adders
  2 white imps
  An ufetubus (D:4)
  A worm (D:5)
  5 dart slugs
  33 orcs
  A bat (D:2)
  5 endoplasms
  3 giant cockroaches
  6 goblins
  6 hobgoblins (D:2)
  2 jackals (D:4)
  21 kobolds
  4 quokkas
  A ball python (D:1)
  2 frilled lizards
  6 rats
  A butterfly (D:4)
216 creatures vanquished.

Vanquished Creatures (collateral kills)
  A wyvern (D:9)
  A water moccasin (D:9)
  A killer bee (D:9)
3 creatures vanquished.

Vanquished Creatures (others)
  An orc (D:4)
  4 fungi (D:9)
  17 plants (D:9)
22 creatures vanquished.

Grand Total: 241 creatures vanquished
